Map: Pillars of Gold LE

Players

Dream - Winner!

  • Race: Terran Terran
  • Spawn Location: 1:00

Astrea

  • Race: Protoss Protoss
  • Spawn Location: 7:00

Event: IEM Katowice 2021

VOD

Have the link to the VOD?

Description

Time

  • Played on: Feb. 24, 2021, 10:56 a.m.
  • Length: 25:54

All games in this series

Show
View Real Time Build Order
Export as new Build Order

Dream Terran - Winner!

Build Orders: 1/1/1 

Get SALT Encoding   

  12  0:00  SCV  
  13  0:12  SCV  
  14  0:18  Supply Depot  
  14  0:24  SCV  
  15  0:40  SCV, Barracks  
  16  0:47  Refinery  
  16  0:52  SCV  
  17  0:57  Refinery  
  17  1:04  SCV  
  18  1:16  SCV  
  19  1:27  Marine  
  19  1:28  Orbital Command  
  20  1:36  Factory  
  20  1:47  Barracks Reactor  
  20  1:52  Supply Depot  
  20  1:54  SCV  
  21  2:06  SCV  
  22  2:18  SCV  
  22  2:19  Supply Depot  
  22  2:21  Starport  
  23  2:28  Hellion  
  25  2:30  Hellion  
  25  2:34  SCV  
  28  2:49  Hellion  
  28  2:51  SCV  
  31  2:52  Hellion  
  31  2:53  Supply Depot  
  33  3:00  Medivac  
  35  3:10  SCV  
  35  3:12  Widow Mine  
  38  3:15  Widow Mine  
  38  3:19  Armory  
  41  3:33  Barracks Reactor  
  40  3:49  SCV  
  39  3:57  Command Center  
  35  4:09  Marine x2  
  34  4:11  SCV  
  36  4:21  Bunker  
  36  4:24  SCV  
  37  4:27  Barracks, Marine x2  
  39  4:31  Engineering Bay  
  39  4:36  SCV  
  36  4:46  Marine x2  
  36  4:47  Factory Tech Lab  
  36  4:48  Starport Tech Lab  
  36  4:51  SCV  
  39  4:56  Supply Depot  
  39  4:57  Terran Infantry Weapons Level 1  
  39  5:03  SCV  
  39  5:04  Marine x2  
  42  5:07  Raven  
  42  5:10  Orbital Command  
  44  5:16  Siege Tank  
  44  5:19  SCV  
  48  5:23  Marine x2  
  48  5:28  Barracks Tech Lab  
  50  5:30  Orbital Command  
  50  5:32  SCV  
  51  5:43  Marine x2  
  51  5:45  SCV  
  51  5:47  Stimpack, Marine  
  51  5:48  Siege Tank  
  58  5:56  SCV  
  59  5:57  SCV  
  60  6:04  Marine x2  
  60  6:05  Marine  
  60  6:06  Supply Depot  
  60  6:08  SCV  
  60  6:09  SCV  
  65  6:20  Command Center, Siege Tank  
  65  6:22  SCV  
  69  6:28  SCV  
  69  6:29  Supply Depot  
  69  6:32  Barracks  
  70  6:33  Starport Reactor  
  70  6:34  SCV  
  71  6:40  SCV, Marine x3  
  71  6:45  Refinery  
  71  6:46  SCV  
  76  6:49  Refinery  
  76  6:52  SCV  
  77  6:54  Supply Depot  
  77  6:59  SCV, Marine  
  77  7:00  Marine x2  
  81  7:04  SCV  
  82  7:08  Terran Infantry Weapons Level 2  
  82  7:11  SCV  
  86  7:16  SCV  
  86  7:21  Barracks  
  86  7:22  Barracks  
  84  7:23  SCV  
  84  7:27  Factory Reactor  
  84  7:29  SCV  
  86  7:30  Marauder x2, Marine x2  
  86  7:35  SCV, Combat Shield  
  86  7:37  Concussive Shells  
  93  7:41  SCV  
  94  7:47  SCV, Supply Depot  
  94  7:49  Medivac  
  94  7:50  Medivac  
  99  7:53  Orbital Command  
  99  7:54  SCV  
  100  8:01  Marauder, Marine x2  
  100  8:03  Marauder  
  106  8:06  SCV x2  
  107  8:15  Barracks Reactor  
  107  8:16  Marauder, Missile Turret  
  107  8:19  SCV x2  
  111  8:21  SCV  
  111  8:23  Supply Depot  
  112  8:27  Medivac  
  112  8:28  Medivac  
  112  8:31  SCV x2  
  112  8:34  Supply Depot  
  117  8:37  Supply Depot  
  117  8:38  SCV  
  117  8:42  Engineering Bay  
  117  8:43  Refinery  
  117  8:44  SCV x2, Marine x2, Refinery  
  117  8:48  Marauder, Supply Depot  
  123  8:49  Supply Depot  
  123  8:50  Supply Depot  
  123  8:53  SCV  
  124  8:56  Marauder, Marine, SCV x2  
  124  8:57  Marine  
  130  9:05  SCV  
  130  9:06  Supply Depot  
  130  9:07  Widow Mine x2  
  130  9:09  Viking  
  138  9:14  Viking  
  141  9:20  Marine x4  
  141  9:23  Terran Infantry Armor Level 1  
  143  9:24  Ghost Academy  
  143  9:32  Marauder x3  
  143  9:37  Widow Mine x2  
  153  9:40  Marine x2  
  153  9:41  Marine x2  
  156  9:48  Command Center  
  156  9:51  Supply Depot  
  156  9:52  Terran Infantry Weapons Level 3  
  155  9:55  Enhanced Shockwaves  
  155  9:58  Ghost  
  157  10:03  Ghost  
  157  10:05  Ghost  
  161  10:13  Marine x4  
  165  10:26  Barracks  
  165  10:28  Barracks  
  163  10:30  Barracks  
  166  10:35  Widow Mine  
  166  10:36  Widow Mine, Terran Ship Weapons Level 1  
  166  10:37  Supply Depot  
  166  10:41  Ghost x2  
  166  10:42  Ghost  
  172  10:44  Marine x3  
  171  10:54  Supply Depot  
  168  11:10  Ghost x2  
  172  11:12  Marine  
  172  11:13  Marine x2  
  172  11:16  Widow Mine x2  
  172  11:18  Terran Infantry Armor Level 2  
  178  11:28  Ghost  
  178  11:29  Marine  
  178  11:31  Marine x2  
  178  11:32  Barracks Tech Lab x2  
  183  11:33  Barracks Reactor  
  183  11:38  Ghost  
  183  11:39  Ghost  
  187  11:44  SCV  
  187  11:45  SCV  
  181  11:47  Marine  
  181  11:51  SCV  
  181  11:53  Viking  
  181  11:54  Viking  
  165  11:56  SCV  
  165  11:57  Ghost  
  165  11:58  Marine x2  
  165  12:01  SCV  
  165  12:05  SCV  
  165  12:06  Marauder x2, Marine  
  165  12:07  Marine, Ghost  
  165  12:08  Marauder  
  177  12:09  SCV  
  177  12:10  Marine  
  177  12:11  Marine  
  180  12:16  Planetary Fortress  
  180  12:23  SCV x3  
  180  12:27  Marauder, Marine x2  
  180  12:28  Marauder x2  
  191  12:34  Refinery  
  191  12:35  Refinery, Missile Turret  
  191  12:41  Sensor Tower  
  191  12:44  Marine, Ghost  
  191  12:45  Marauder  
  191  12:48  Marine  
  191  12:49  Marauder  
  176  12:58  Ghost  
  176  13:02  Marine x2  
  176  13:03  Marauder, Marine  
  160  13:06  SCV  
  153  13:14  Marine  
  153  13:21  Widow Mine  
  153  13:22  Widow Mine  
  153  13:24  Ghost  
  153  13:26  Marine x2  
  157  13:29  Marauder, Marine  
  157  13:31  Marine x2  
  157  13:32  Marauder  
  157  13:34  Marine  
  160  13:43  Widow Mine  
  160  13:45  Ghost  
  160  13:46  Marauder, Marine  
  167  13:51  Marauder  
  165  13:59  Ghost  
  165  14:00  Marauder, Marine  
  165  14:01  Marine  
  160  14:05  Marine x2  
  160  14:08  Marauder, Marine  
  157  14:11  Command Center  
  157  14:12  Marauder  
  159  14:18  Marauder, Marine x2  
  159  14:22  Marauder  
  159  14:24  Marine, Terran Infantry Armor Level 3  
  165  14:25  Marine x2  
  165  14:29  Marauder  
  162  14:35  Missile Turret  
  162  14:37  Marine  
  162  14:38  Marauder  
  144  14:41  Marine  
  144  14:42  Marauder  
  144  14:43  Marine  
  144  14:48  Widow Mine x2, Marine, Ghost  
  144  14:49  Marauder  
  144  14:50  Marine  
  152  14:57  Marine  
  152  14:58  Marauder  
  152  14:59  Marine  
  148  15:03  Marauder, Marine x2, Ghost  
  153  15:08  Marine  
  153  15:09  Ghost  
  153  15:10  Widow Mine x2  
  152  15:15  Marine  
  152  15:16  Ghost  
  152  15:19  Marauder  
  152  15:21  Medivac  
  147  15:28  Ghost  
  147  15:29  Missile Turret  
  147  15:31  Medivac, Planetary Fortress  
  147  15:32  Marauder, Marine x3  
  156  15:35  Marine  
  156  15:36  Marine  
  158  15:44  Marauder, Marine  
  158  15:47  Marauder, Marine  
  156  15:50  Marine x2  
  156  15:53  Widow Mine x2, Marine x2  
  156  15:54  Marauder  
  166  15:57  Marauder  
  166  16:02  Marine  
  166  16:03  Marine  
  156  16:04  Ghost  
  156  16:06  Marauder  
  156  16:08  Marine, Ghost  
  160  16:12  Marine  
  160  16:13  Marine x2  
  160  16:15  Marauder  
  163  16:19  Marauder  
  137  16:26  Ghost  
  137  16:27  Marine x2  
  137  16:28  Marine  
  137  16:30  Marine  
  137  16:31  Medivac x2, Widow Mine x2, Marine x2  
  126  16:34  Marauder  
  126  16:36  Ghost  
  126  16:38  Marauder  
  132  16:40  Marauder  
  132  16:45  Marine x2  
  132  16:46  SCV, Marine  
  128  16:50  SCV  
  123  16:55  Marauder  
  123  16:58  Marauder, Marine x3  
  123  16:59  Marine  
  123  17:00  SCV  
  123  17:01  Medivac, SCV, Liberator  
  132  17:06  SCV x2  
  140  17:08  SCV  
  140  17:14  Widow Mine x2  
  140  17:15  Ghost  
  145  17:16  Marauder, Marine x2  
  147  17:23  SCV x2  
  147  17:31  Medivac  
  145  17:39  Ghost  
  145  17:40  Marauder x3, Marine x2  
  145  17:41  Marine  
  145  17:42  Marine  
  145  17:43  Marine, Ghost  
  145  17:44  Medivac, Marine  
  160  17:47  Refinery x2  
  160  17:50  Command Center  
  161  17:52  SCV  
  161  17:53  SCV  
  161  17:54  SCV  
  164  18:08  Marauder x2  
  164  18:09  Marine x2  
  164  18:11  Marauder x2, Marine x4  
  164  18:12  Medivac, Sensor Tower  
  180  18:14  Medivac  
  182  18:21  Marauder  
  182  18:27  Marine  
  182  18:29  Marauder x2  
  182  18:30  Marine  
  182  18:31  Marine  
  182  18:32  Ghost  
  182  18:33  Marauder  
  190  18:42  Marauder  
  190  18:47  Marine  
  190  18:48  Marine  
  186  18:50  Ghost  
  186  18:51  Marauder  
  186  18:53  Ghost  
  186  18:54  Medivac x2, Widow Mine x2  
  186  18:55  Marine  
  170  18:56  Marine  
  170  19:01  Marauder  
  170  19:02  Marine x2  
  161  19:03  Marauder  
  161  19:09  Marine  
  155  19:10  Marine  
  157  19:18  Widow Mine x2  
  157  19:23  Marauder x2, Ghost x2  
  166  19:24  Medivac x2  
  166  19:25  Marauder  
  174  19:44  Marauder x2  
  178  19:48  Ghost  
  178  19:49  Marine x3  
  178  19:52  Ghost  
  185  19:53  Marauder  
  185  19:54  Medivac x2  
  185  19:57  Planetary Fortress  
  189  20:06  Marauder  
  189  20:07  Marauder  
  188  20:17  Marine, Ghost  
  188  20:18  Marauder  
  188  20:19  Marine x2  
  188  20:20  Ghost  
  197  20:25  Widow Mine  
  197  20:27  Marauder  
  200  20:31  Marine  
  200  20:42  Ghost  
  197  20:43  Marine  
  200  20:56  Ghost  
  200  20:57  Marauder, Marine  
  185  20:59  Ghost  
  185  21:00  Marine  
  185  21:02  Marauder, Marine  
  191  21:07  Marine x2  
  174  21:11  Marauder  
  174  21:15  Widow Mine  
  174  21:16  Widow Mine  
  174  21:17  Medivac x2  
  186  21:18  Marauder, Marine  
  186  21:19  Marine x2  
  186  21:24  Marauder  
  187  21:25  Marauder  
  187  21:26  Marine  
  187  21:27  Marine x2, Ghost  
  190  21:33  Marauder  
  190  21:36  Marine x3  
  194  21:40  Marauder  
  194  21:44  Marine x2, Ghost  
  194  21:45  Marine  
  193  21:47  Marauder  
  186  21:54  Marauder, Marine  
  186  21:57  Marauder  
  186  22:00  Marine x2  
  190  22:01  Marauder  
  190  22:02  Marine x2  
  190  22:07  Ghost  
  194  22:13  Ghost  
  196  22:16  Marauder  
  196  22:17  Marine x2  
  196  22:18  Marauder, Marine  
  196  22:19  Marine  
  196  22:20  Marine  
  178  22:22  Marauder  
  178  22:27  Marine  
  174  22:32  Widow Mine  
  174  22:35  Marine  
  174  22:36  Ghost  
  177  22:37  Marauder  
  177  22:40  Marauder, Marine  
  177  22:41  Marine x2  
  177  22:42  Marauder  
  177  22:43  Marine  
  172  22:44  Marauder  
  172  22:48  Widow Mine  
  168  22:53  Widow Mine  
  168  22:57  Marine  
  158  22:59  Marauder  
  158  23:00  Marine  
  151  23:07  Marauder  
  151  23:08  Marauder x2, Marine x3  
  151  23:09  Marine x2  
  151  23:10  Widow Mine  
  156  23:21  Marine x2  
  156  23:22  Marauder  
  156  23:26  Marine x3  
  157  23:27  Marine x2  
  157  23:28  Marine x2  
  157  23:29  Marauder  
  163  23:39  Marine x2  
  157  23:43  Marine  
  157  23:44  Marine x3  
  157  23:45  Marine  
  157  23:46  Marauder  
  162  23:53  Marine  
  162  23:54  Marauder  
  165  24:07  Marine  
  165  24:09  Marine x8  
  174  24:11  Marine  
  174  24:13  Missile Turret  
  174  24:15  Marine  
  176  24:23  Orbital Command  
  164  24:27  Marine  
  164  24:28  Marauder  
  164  24:30  Marine  
  164  24:31  Marauder  
  165  24:34  Marine x3  
  165  24:37  Marauder, Orbital Command  
  169  24:42  Marauder  
  163  24:48  Widow Mine  
  163  24:49  Marine  
  163  24:50  Marine  
  157  24:53  Marine  
  157  24:55  Marine x2  
  155  25:01  Marine  
  152  25:08  Marauder, Marine x2  
  152  25:09  Marauder  
  152  25:12  Marine  
  152  25:13  Marine  
  159  25:16  SCV x3  
  162  25:21  Marine  
  162  25:22  Marauder  
  162  25:27  Marine  
  162  25:28  Marine  
  167  25:33  Marauder, Marine x6  
Show
View Real Time Build Order
Export as new Build Order

Astrea Protoss 

Build Orders: 1 Gate Expand 

Get SALT Encoding   

  12  0:00  Probe  
  13  0:12  Probe  
  14  0:17  Pylon  
  14  0:24  Probe (Chrono Boost)  
  15  0:36  Probe (Chrono Boost)  
  15  0:38  Gateway  
  16  0:44  Probe (Chrono Boost)  
  16  0:47  Assimilator  
  17  0:51  Probe  
  18  1:03  Probe  
  19  1:15  Probe  
  20  1:25  Cybernetics Core  
  20  1:34  Nexus  
  20  1:37  Probe  
  21  1:44  Pylon  
  21  1:49  Probe  
  22  1:55  Assimilator  
  22  2:00  Adept (Chrono Boost), Warp Gate (Chrono Boost)  
  22  2:01  Probe  
  25  2:13  Probe  
  26  2:22  Stalker  
  26  2:26  Probe  
  28  2:38  Probe  
  28  2:40  Gateway  
  29  2:46  Gateway  
  29  2:49  Probe  
  30  2:53  Sentry  
  30  2:54  Probe  
  33  3:01  Probe  
  34  3:06  Robotics Facility  
  34  3:09  Probe  
  35  3:13  Probe  
  35  3:19  Shield Battery  
  36  3:22  Probe  
  36  3:25  Probe  
  38  3:34  Stalker x2  
  40  3:40  Stalker  
  43  3:44  Probe x2  
  42  3:56  Probe  
  43  4:03  Probe  
  43  4:04  Observer (Chrono Boost)  
  43  4:09  Probe  
  46  4:15  Probe  
  46  4:17  Pylon  
  46  4:23  Probe  
  46  4:30  Phoenix  
  46  4:35  Probe x2  
  48  4:44  Observer  
  49  4:47  Probe (Chrono Boost)  
  49  4:48  Probe (Chrono Boost)  
  49  4:52  Nexus  
  51  4:59  Pylon  
  53  5:00  Probe x2 (Chrono Boost)  
  53  5:07  Probe (Chrono Boost)  
  53  5:11  Assimilator  
  53  5:12  Pylon  
  54  5:17  Probe x2, Observer  
  54  5:21  Observer  
  57  5:28  Adept x2  
  61  5:29  Probe  
  61  5:30  Pylon, Probe  
  61  5:34  Adept  
  65  5:37  Immortal (Chrono Boost)  
  65  5:41  Probe  
  65  5:42  Pylon  
  70  5:48  Probe  
  71  5:53  Probe (Chrono Boost)  
  71  5:56  Stalker x3  
  78  5:59  Observer  
  79  6:04  Probe x2 (Chrono Boost)  
  79  6:06  Forge  
  79  6:08  Phoenix  
  79  6:11  Probe (Chrono Boost)  
  81  6:13  Robotics Bay  
  81  6:15  Probe x2 (Chrono Boost)  
  84  6:18  Probe (Chrono Boost)  
  84  6:20  Pylon  
  84  6:23  Probe  
  85  6:26  Zealot x2, Sentry  
  85  6:29  Probe  
  85  6:31  Probe  
  93  6:34  Protoss Ground Weapons Level 1 (Chrono Boost)  
  93  6:35  Probe  
  93  6:38  Twilight Council  
  94  6:40  Assimilator  
  94  6:41  Probe  
  94  6:43  Probe  
  96  6:48  Probe  
  96  6:49  Warp Prism (Chrono Boost)  
  99  6:54  Probe  
  99  6:55  Pylon, Probe  
  99  6:57  Pylon  
  101  7:06  Observer  
  101  7:13  Pylon  
  101  7:14  Colossus (Chrono Boost)  
  101  7:20  Charge (Chrono Boost)  
  107  7:25  Nexus  
  107  7:30  Extended Thermal Lance  
  107  7:33  Observer, Gateway  
  107  7:34  Gateway  
  107  7:36  Gateway  
  107  7:39  Gateway  
  107  7:42  Pylon, Gateway  
  107  7:50  Probe x2  
  107  7:51  Probe  
  110  7:53  Colossus (Chrono Boost)  
  115  8:15  Zealot x3  
  115  8:17  Probe x3  
  124  8:20  Pylon  
  124  8:21  Observer  
  124  8:29  Pylon  
  124  8:33  Zealot x4  
  130  8:35  Photon Cannon  
  130  8:36  Colossus, Protoss Ground Weapons Level 2 (Chrono Boost), Probe x3  
  130  8:38  Pylon, Probe  
  140  8:48  Probe  
  140  8:50  Blink (Chrono Boost)  
  140  8:51  Probe x2  
  140  8:52  Forge, Photon Cannon  
  143  8:57  Zealot x5  
  153  9:10  Templar Archives  
  153  9:11  Zealot x3  
  159  9:17  Protoss Ground Armor Level 1 (Chrono Boost)  
  159  9:19  Pylon  
  159  9:20  Pylon  
  159  9:22  Gravitic Drive  
  159  9:32  Nexus  
  159  9:36  Colossus  
  164  9:52  Zealot x8  
  176  9:56  Gateway  
  176  9:58  Gateway  
  180  10:00  Pylon  
  180  10:01  Pylon  
  180  10:08  Gateway  
  180  10:09  Gateway  
  180  10:13  High Templar  
  180  10:14  Zealot x3, High Templar  
  184  10:18  Pylon  
  184  10:20  Archon  
  188  10:22  Zealot x3  
  194  10:32  Colossus  
  198  10:38  Assimilator  
  198  10:41  Robotics Facility x2  
  198  10:50  Shield Battery, Photon Cannon  
  196  11:04  Protoss Ground Armor Level 2 (Chrono Boost), Protoss Ground Weapons Level 3 (Chrono Boost)  
  194  11:16  Gravitic Boosters  
  192  11:24  Zealot x4  
  186  11:44  Disruptor (Chrono Boost)  
  164  11:49  Disruptor (Chrono Boost)  
  164  11:52  Observer  
  164  11:54  Warp Prism (Chrono Boost)  
  138  11:59  Sentry  
  138  12:00  Zealot x11  
  156  12:09  Gateway  
  156  12:11  Gateway  
  156  12:12  Gateway  
  156  12:13  Observer  
  156  12:14  Nexus  
  156  12:16  Gateway  
  156  12:17  Disruptor (Chrono Boost)  
  156  12:19  Probe x4  
  156  12:22  Disruptor (Chrono Boost)  
  166  12:26  Zealot x9  
  166  12:27  Zealot x3  
  190  12:32  Pylon  
  188  12:45  Disruptor  
  188  12:46  Disruptor  
  188  12:50  Zealot  
  188  12:51  Zealot x3  
  129  13:09  Zealot x11  
  115  13:14  Probe (Chrono Boost)  
  115  13:15  Probe (Chrono Boost)  
  115  13:16  Disruptor  
  115  13:17  Probe x2 (Chrono Boost)  
  115  13:18  Stalker x5, Probe (Chrono Boost)  
  123  13:26  Probe (Chrono Boost)  
  124  13:27  Probe (Chrono Boost)  
  124  13:31  Probe x2 (Chrono Boost)  
  124  13:33  Stalker, Probe (Chrono Boost)  
  124  13:34  Stalker x6  
  130  13:37  Zealot  
  130  13:38  Zealot x3  
  130  13:39  Probe x2  
  130  13:40  Probe x2  
  144  13:42  Probe  
  144  13:43  Zealot  
  147  13:51  Zealot x3, Probe  
  147  13:52  Probe x2  
  142  14:06  Zealot x2  
  142  14:07  Zealot x4  
  142  14:09  Sentry x2  
  158  14:11  Probe x2  
  159  14:19  Zealot x4  
  159  14:24  Observer x3  
  145  14:46  Zealot x13  
  145  14:49  Pylon  
  167  14:56  Disruptor  
  164  15:02  Stalker x3  
  158  15:09  Zealot x5  
  161  15:15  Probe (Chrono Boost)  
  161  15:17  Probe x4 (Chrono Boost)  
  163  15:28  Probe (Chrono Boost)  
  167  15:31  Protoss Ground Armor Level 3 (Chrono Boost)  
  167  15:33  Probe x3 (Chrono Boost), Nexus  
  167  15:41  High Templar x3  
  167  15:42  High Templar  
  173  15:49  Archon x2  
  166  16:03  Probe x4  
  158  16:09  Observer  
  158  16:13  Zealot x11  
  158  16:14  Zealot  
  169  16:18  Observer  
  169  16:20  Stalker x4  
  144  16:28  Probe  
  125  16:34  Probe  
  125  16:35  Probe x3  
  129  16:40  Probe  
  129  16:47  Probe  
  128  16:59  High Templar x4  
  128  17:00  Zealot x2  
  128  17:01  Zealot x10  
  152  17:03  Photon Cannon  
  152  17:05  Archon x2  
  152  17:07  Observer  
  157  17:15  Photon Cannon, Probe x3  
  157  17:16  Protoss Shields Level 1 (Chrono Boost), Probe  
  155  17:35  Zealot x10  
  167  17:47  Observer  
  167  17:48  Observer  
  169  17:54  Pylon  
  169  17:58  Assimilator  
  169  18:01  Probe x5  
  174  18:14  Nexus  
  173  18:29  Zealot x16  
  197  18:43  Shield Battery, Photon Cannon  
  191  18:50  Observer  
  191  18:53  Zealot x5  
  155  19:12  Probe x2  
  155  19:13  Probe x4  
  159  19:27  Nexus  
  159  19:29  Disruptor x2  
  159  19:30  Observer  
  166  19:34  Zealot x2, High Templar x4  
  166  19:35  Zealot x10, Observer  
  166  19:37  Photon Cannon  
  194  19:41  Archon  
  194  19:42  Pylon, Archon  
  191  19:46  Photon Cannon  
  191  19:50  Photon Cannon  
  190  20:00  Stalker  
  189  20:15  Zealot x5  
  193  20:35  Stalker x9  
  192  20:44  Probe x6  
  183  20:59  Zealot x10  
  194  21:16  Zealot x3  
  194  21:38  Nexus  
  184  21:42  Photon Cannon  
  173  21:48  Observer  
  173  21:49  Observer  
  173  21:58  Disruptor  
  160  22:03  Zealot x10  
  160  22:04  Zealot x5  
  178  22:28  Zealot x8  
  171  22:39  Zealot x2  
  171  22:40  Zealot  
  171  22:43  Zealot  
  149  22:48  Zealot  
  101  23:15  Zealot x7  
  109  23:49  Nexus  
  109  23:50  Observer  
  109  23:59  Assimilator x2  
  105  24:06  Zealot x6  
  105  24:07  Zealot x3  
  119  24:25  Zealot x5  
  113  24:32  Observer  
  88  24:48  Zealot x8  
  93  25:01  Stalker x2  
  91  25:19  Zealot x4  
  97  25:45  Zealot x5  

Tags
 
Add a new tag
Caveats
  • Supply blocks, unpowered buildings, or Contaminate may cause inaccurate times.
  • Supply counts are checked every 10 seconds.